 Dungeon Sprint DCSS version 0.24.0-41-g2ae2f7f1be (webtiles) character file.

Game seed: 12803186922035228544, levelgen mode: deterministic

74 McKennaii the Fighter (level 7, -5/62 HPs)
             Began as a Demonspawn Fighter on Dec 10, 2019.
             Was an Elder of Makhleb.
             Slain by a merfolk
             ... wielding a cursed -3 trident
              (11 damage)
             ... in the Dungeon (Sprint VI: "Thunderdome").
             The game lasted 00:10:22 (430 turns).

McKennaii the Fighter (Demonspawn Fighter)           Turns: 430, Time: 00:10:22

Health: -5/62      AC:  7    Str: 26    XL:     7   Next: 9%
Magic:  8/8        EV: 10    Int: 10    God:    Makhleb [****..]
Gold:   40         SH: 11    Dex: 16    Spells: 6/6 levels left

rFire    . . .     SeeInvis .   a - +0 war axe
rCold    + + .     Gourm    .   c - +0 shield
rNeg     . . .     Faith    .   b - +0 scale mail
rPois    .         Spirit   .   (helmet restricted)
rElec    .         Reflect  .   (no cloak)
rCorr    +         Harm     .   (no gloves)
MR       .....     NoTele   +   (no boots)
Stlth    +.........             m - amulet of Muqen {RegenMP Fragile Str+8}
HPRegen  0.20/turn              r - ring "Kidoc" {+Fly rC++}
MPRegen  0.36/turn              t - ring "Lyrydd" {+Blink rCorr}

@: mesmerised
A: horns 1, thin skeletal structure 2
a: Minor Destruction, Lesser Servant of Makhleb, Major Destruction, Renounce
Religion, Evoke Blink, Evoke Flight


You were in the Dungeon.
You worshipped Makhleb.
Makhleb was greatly pleased with you.
You were not hungry.

You visited 1 branch You collected 310 gold pieces.
You spent 270 gold pieces at shops.

Inventory:

Hand Weapons
 a - a +0 war axe (weapon)
Armour
 b - a +0 scale mail (worn)
 c - a +0 shield (worn)
Jewellery
 m - the amulet of Muqen (around neck) {RegenMP Fragile Str+8}
   (You bought it in a shop in the Dungeon)

   [amulet of magic regeneration]

   It increases your magic regeneration.
   It affects your strength (+8).
   It will be destroyed if unequipped.
 p - the amulet of Vusiwazo {+Rage +Inv rElec Str-5}
   (You bought it in a shop in the Dungeon)

   [amulet of rage]

   It affects your strength (-5).
   It insulates you from electricity.
   It lets you turn invisible.
   It lets you go berserk.
 r - the ring "Kidoc" (left hand) {+Fly rC++}
   (You bought it in a shop in the Dungeon)

   [ring of flight]

   It greatly protects you from cold.
   It lets you fly.
 s - the ring of Boint {+Inv Str+3}
   (You bought it in a shop in the Dungeon)

   [ring of strength]

   It affects your strength (+3).
   It lets you turn invisible.
 t - the ring "Lyrydd" (right hand) {+Blink rCorr}
   (You bought it in a shop in the Dungeon)

   [ring of resist corrosion]

   It lets you blink.
   It provides partial protection from all sources of acid and corrosion.
Wands
 l - a wand of acid (5)
Scrolls
 k - 4 scrolls of blinking
 n - 2 scrolls of fog
Potions
 e - a potion of curing
 g - a potion of heal wounds
 h - 4 potions of haste
 i - 2 potions of magic
 j - a potion of berserk rage
 o - a potion of resistance
Comestibles
 f - a ration


   Skills:
 + Level 8.0 Fighting
 + Level 7.6 Axes
 + Level 7.1 Armour
 + Level 2.2 Dodging
 + Level 0.2 Stealth
 + Level 6.9 Shields
 + Level 2.1 Evocations


You had 6 spell levels left.
You didn't know any spells.
Your spell library was empty.

Dungeon Overview and Level Annotations

Branches:
Dungeon (1/1)

Altars:
Cheibriados
Dithmenos
Fedhas
Gozag
Kikubaaqudgha
Makhleb
Okawaru
Qazlal
Ru
Sif Muna
Trog
Uskayaw
Vehumet
Wu Jian
Xom
Yredelemnul
Zin
The Shining One
Beogh
Jiyva
Lugonu

Shops:
D *[%??*?*:[((!!!!


Innate Abilities, Weirdness & Mutations

You have a pair of small horns on your head.
You have a moderately thin skeletal structure. (Dex +4, Stealth+)


Message History

You have reached level 7!
Okay, then.
As you read the scroll of fog, it crumbles to dust.
The scroll dissolves into smoke.
The merfolk siren chants its luring song.
The merfolk hits you but does no damage.
You cannot move away from the merfolk siren!
Unknown command.
You cannot move away from the merfolk siren!
The merfolk siren hits you from afar with a +0 trident!
* * * LOW HITPOINT WARNING * * *
Unknown command.
The merfolk siren chants its luring song.
Unknown command.
You barely miss the merfolk siren. Your headbutt misses the merfolk siren.
You hit the cyclops. You block the merfolk siren's attack.
The cyclops hits you!
* * * LOW HITPOINT WARNING * * *
The merfolk hits you from afar with a cursed -3 trident!
You die...

#.....# ##.....## ##∩.....∩##
#∩.......∩# #_.÷....._#
#_......._# #_÷§§§..._#
###..mC§....### #⌠...@§§.....⌠#
######§8m§§§.....8.######
##∩___..§§§§###......___∩##
###∩......§§8§# #.8........∩##
##..=.......(..###.............
#⌠.........(###...###..........
#⌠.........(# #.<.# #..........
#⌠..........###...###..........
##.............###.)...........


You could see a merfolk, a cyclops and a merfolk siren.

Vanquished Creatures
  A guardian mummy (D)
  A centaur (D)
  2 gnoll sergeants (D)
  A gnoll shaman (D)
  4 mummies (D)
  3 gnolls (D)
  4 adders (D)
  2 ball pythons (D)
18 creatures vanquished.

Notes
Turn   | Place    | Note
-------+----------+-------------------------------------------
     0 | D        | McKennaii the Demonspawn Fighter began the quest for the
                  | Orb.
     0 | D        | Reached XP level 1. HP: 18/18 MP: 1/1
     1 | D        | Found a glowing golden altar of the Shining One.
     1 | D        | Found a basalt altar of Yredelemnul.
     2 | D        | Found a shimmering blue altar of Sif Muna.
     2 | D        | Found a blossoming altar of Fedhas.
     3 | D        | Found a bloodstained altar of Trog.
     3 | D        | Found a hide-covered altar of Uskayaw.
     4 | D        | Found a snail-covered altar of Cheibriados.
     4 | D        | Found an opulent altar of Gozag.
     4 | D        | Found Kathor's Staff Store.
     4 | D        | Found Kualuts's Magic Scroll Shop.
     5 | D        | Found Moptecu's Must-Have Magic.
     5 | D        | Found Yqifuant's Magic Scroll Shop.
     5 | D        | Round 1.
     6 | D        | Noticed a gnoll shaman
     7 | D        | Found a glowing silver altar of Zin.
     8 | D        | Found an iron altar of Okawaru.
    17 | D        | Killed a gnoll shaman
    17 | D        | Reached skill level 4 in Fighting
    17 | D        | Gained mutation: You have a pair of small horns on your
                  | head. [demonic ancestry]
    17 | D        | Reached XP level 2. HP: 13/26 MP: 2/2
    17 | D        | Gained mutation: You have a somewhat thin skeletal
                  | structure. (Dex +2, Stealth) [demonic ancestry]
    17 | D        | Reached XP level 3. HP: 15/31 MP: 3/3
    20 | D        | Found a burning altar of Makhleb.
    21 | D        | Found Niaskyuj's Delicious Food.
    22 | D        | Found Vinoarap's Jewellery.
    22 | D        | Found Zippysha's Advanced Armour.
    25 | D        | Found a stormy altar of Qazlal.
    25 | D        | Found a sacrificial altar of Ru.
    25 | D        | Found Cixyfi's Identification Station.
    28 | D        | Became a worshipper of Makhleb the Destroyer
    31 | D        | Bought a glittering bronze amulet for 45 gold pieces
    31 | D        | Bought a vibrating steel ring for 45 gold pieces
    31 | D        | Bought a faintly glowing lapis lazuli ring for 45 gold
                  | pieces
    31 | D        | Identified the amulet of Vusiwazo {+Rage +Inv rElec Str-5}
                  | (You bought it in a shop in the Dungeon)
    33 | D        | Identified the ring of the Iron Devil {Ice Str+6 Int+5
                  | Slay-5} (You bought it in a shop in the Dungeon)
    35 | D        | Identified the ring "Kidoc" {+Fly rC++} (You bought it in a
                  | shop in the Dungeon)
    36 | D        | Bought a scorched platinum ring for 45 gold pieces
    36 | D        | Identified the ring of Boint {+Inv Str+3} (You bought it in
                  | a shop in the Dungeon)
    47 | D        | Found a viscous altar of Jiyva.
    50 | D        | Found an ornate altar of the Wu Jian Council.
    50 | D        | Found Erano's Premium Goods.
    50 | D        | Found Ritour's Miscellaneous Merchandise.
    51 | D        | Found Yreluxte's Basic Armour.
    53 | D        | Found a roughly hewn altar of Beogh.
    53 | D        | Found a radiant altar of Vehumet.
    53 | D        | Found Gajauq's Weapon Rack.
    60 | D        | Found a shimmering altar of Xom.
    67 | D        | Noticed a gnoll sergeant
    78 | D        | Killed a gnoll sergeant
    78 | D        | Reached * piety under Makhleb
    78 | D        | Reached skill level 5 in Fighting
    78 | D        | Reached skill level 5 in Armour
    78 | D        | Gained mutation: You have a moderately thin skeletal
                  | structure. (Dex +4, Stealth+) [demonic ancestry]
    78 | D        | Reached XP level 4. HP: 10/40 MP: 4/4
    93 | D        | Noticed a gnoll sergeant
   104 | D        | Killed a gnoll sergeant
   104 | D        | Reached skill level 6 in Fighting
   104 | D        | Reached skill level 5 in Shields
   104 | D        | Reached XP level 5. HP: 9/47 MP: 5/5
   111 | D        | Found an ancient bone altar of Kikubaaqudgha.
   118 | D        | Arena points: 14 (+14) [x2]
   119 | D        | Found a corrupted altar of Lugonu.
   119 | D        | Found a shadowy altar of Dithmenos.
   123 | D        | Found Seazom Egogh's Do-It-Yourself Clinic.
   123 | D        | Found Jottecsa's Distillery.
   124 | D        | Found Emywk's Bottled Wisdom.
   124 | D        | Found Leutad's Distillery.
   133 | D        | Round 2.
   149 | D        | Reached ** piety under Makhleb
   173 | D        | Reached skill level 1 in Evocations
   177 | D        | Reached *** piety under Makhleb
   190 | D        | Arena points: 56 (+42) [x3]
   216 | D        | Bought a bound platinum amulet for 45 gold pieces
   216 | D        | Bought a warped glass ring for 45 gold pieces
   217 | D        | Identified the ring "Lyrydd" {+Blink rCorr} (You bought it
                  | in a shop in the Dungeon)
   218 | D        | Identified the amulet of Muqen {RegenMP Fragile Str+8} (You
                  | bought it in a shop in the Dungeon)
   252 | D        | Round 3.
   270 | D        | Noticed a guardian mummy
   284 | D        | Killed a guardian mummy
   284 | D        | Reached skill level 7 in Fighting
   284 | D        | Reached XP level 6. HP: 39/56 MP: 5/7
   327 | D        | Reached **** piety under Makhleb
   376 | D        | Noticed a guardian mummy
   401 | D        | Arena points: 74 (+18) [x1]
   416 | D        | Round 4.
   422 | D        | Noticed a merfolk siren
   422 | D        | Noticed a merfolk
   424 | D        | Noticed a cyclops
   424 | D        | HP: 2/56 [centaur (4)]
   426 | D        | Reached skill level 8 in Fighting
   426 | D        | Reached XP level 7. HP: 31/62 MP: 8/8
   430 | D        | Slain by a merfolk

Levels and vault maps discovered:
D:        arena_sprint

Skill      XL: |  1  2  3  4  5  6 |
---------------+-------------------+-----
Fighting       | 4 5 6 7 8 |  8.0
Axes           | 2 3 4 6 7 |  7.6
Armour         | 4 5 6 7 |  7.1
Shields        | 3 4 5 6 |  6.9
Evocations     | 2 |  2.1
Dodging        | 2 |  2.2
Stealth        | |  0.2

Action                   |  1- 3 |  4- 6 |  7- 9 || total
-------------------------+-------+-------+-------++-------
Melee: War axe           |    17 |    58 |     1 ||    76
       Headbutt          |     4 |    16 |       ||    20
Evoke: Wand              |     2 |     3 |       ||     5
  Use: Potion            |       |     4 |       ||     4
       Scroll            |       |       |     1 ||     1
Armor: Scale mail        |     1 |    17 |     1 ||    19
Dodge: Dodged            |     1 |    19 |       ||    20
Block: Shield            |    11 |    25 |     1 ||    37
